 Dungeon Crawl Stone Soup version 0.29.0-4-gdea44cf6ec (webtiles) character file.

Game seed: 5854456022751444612

183244 qw the Severer (level 18, 0/116 HPs)
             Began as a Gargoyle Fighter on Sept 6, 2022.
             Was a High Priest of Okawaru.
             Slain by a 13-headed hydra (2 damage)
             ... on level 4 of the Swamp.
             The game lasted 00:15:26 (27352 turns).

qw the Severer (Gargoyle Fighter)                  Turns: 27352, Time: 00:15:26

Health: 0/116      AC: 47    Str: 28    XL:     18   Next: 36%
Magic:  28/28      EV: 15    Int:  9    God:    Okawaru [*****.]
Gold:   782        SH: 23    Dex: 12    Spells: 17/17 levels left

rFire   + . .      SeeInvis +   Y - +2 broad axe (venom)
rCold   + + .      Faith    .   J - +1 tower shield {rN+}
rNeg    + + +      Spirit   .   m - +2 plate armour
rPois   inf        Reflect  .   c - +0 hat of Xumyshur {Will+ Regen+}
rElec   +          Harm     .   z - +2 cloak
rCorr   +          Rampage  .   y - +2 pair of gloves {Dex+3}
Will    +++..                   h - +4 pair of boots "Enlithrow" {rN+}
Stlth   ..........              b - amulet of regeneration
HPRegen 1.89/turn               K - +4 ring of evasion
MPRegen 0.21/turn               H - ring "Piux" {Drain rC++ rCorr SInv}

@: about to teleport, heroic, flying
A: sickness immunity, AC +13, big wings, negative energy resistance 1,
electricity resistance, torment resistance 1, petrification resistance, hooves
1, fire resistance 1, high MP 1, strong-willed 1
a: Renounce Religion, Heroism, Finesse, Duel


You were on level 4 of the Swamp.
You worshipped Okawaru.
Okawaru was extremely pleased with you.
You visited 6 branches of the dungeon, and saw 30 of its levels.
You also visited: Sewer and Gauntlet.

You collected 3553 gold pieces.
You spent 2771 gold pieces at shops.


Innate Abilities, Weirdness & Mutations

You are immune to sickness and miasma.
Your stone body is resilient. (AC +13)
You are immune to poison.
Your large and strong wings let you fly.
You resist negative energy. (rN+)
You are resistant to electric shocks. (rElec)
You are resistant to unholy torment.
You are immune to petrification.
You have large cloven feet.
Your flesh is heat resistant. (rF+)
You have an increased reservoir of magic. (+10% MP)
You are strong-willed. (Will+)


   Skills:
 + Level 14.1(19.1) Fighting
 - Level 18.0(23.0) Axes
 - Level 7.2(12.2) Throwing
 - Level 13.0(18.0) Armour
 - Level 4.1(9.1) Dodging
 - Level 18.0(23.0) Shields
 - Level 10.0 Invocations


You had 17 spell levels left.
You didn't know any spells.
Your spell library was empty.

Inventory:

Hand Weapons
 o - a +3 vorpal broad axe
 Y - a +2 broad axe of venom (weapon)
Missiles
 l - 7 boomerangs (quivered)
Armour
 c - the +0 hat of Xumyshur (worn) {Will+ Regen+}
   (Okawaru gifted it to you on level 14 of the Dungeon)

   Regen:     It increases your rate of health regeneration.
   Will:      It increases your willpower.
 h - the +4 pair of boots "Enlithrow" (worn) {rN+}
   (You found it on level 6 of the Dungeon)

   rN:        It protects you from negative energy.
 i - a +1 helmet
 m - a +2 plate armour (worn)
 w - +0 fire dragon scales
 y - a +2 pair of gloves of dexterity (worn)
 z - a +2 cloak (worn)
 J - a +1 tower shield of positive energy (worn)
Jewellery
 b - an amulet of regeneration (around neck)
 e - a +4 ring of evasion
 j - a ring of protection from fire
 G - the amulet "Ipsufust" {Spirit SInv}
   (You bought it in a shop on level 2 of the Orcish Mines)

   [amulet of guardian spirit]

   It causes incoming damage to be divided between your reserves of health and
   magic.
   SInv:      It lets you see invisible.
 H - the ring "Piux" (right hand) {Drain rC++ rCorr SInv}
   (You bought it in a shop on level 2 of the Orcish Mines)

   [ring of resist corrosion]

   rC:        It greatly protects you from cold.
   SInv:      It lets you see invisible.
   rCorr:     It protects you from acid and corrosion.
   Drain:     It drains your maximum health when unequipped.
 K - a +4 ring of evasion (left hand)
Scrolls
 r - 4 scrolls of blinking
 v - 20 scrolls of identify
 x - 4 scrolls of fog
 B - 4 scrolls of teleportation
Potions
 a - 5 potions of mutation
 d - 11 potions of might
 f - 12 potions of haste
 k - 5 potions of attraction
 n - 16 potions of curing
 p - 7 potions of lignification
 q - 4 potions of resistance
 s - 2 potions of magic
 t - a potion of cancellation
 C - 4 potions of heal wounds

Dungeon Overview and Level Annotations

Branches:
Dungeon (15/15)            Temple (1/1) D:5            Lair (5/5) D:9
  Swamp (4/4) Lair:3        Snake (3/4) Lair:2        Slime (0/5) Lair:5
    Orc (2/2) D:11            Elf (0/3) Orc:2        Vaults (0/5) D:13
 Depths (0/4) D:15          Sewer (visited)         Gauntlet (visited)

Altars:
Ashenzari
Cheibriados
Dithmenos
Elyvilon
Fedhas
Gozag
Hepliaklqana
Kikubaaqudgha
Makhleb
Nemelex Xobeh
Okawaru
Qazlal
Ru
Sif Muna
Trog
Uskayaw
Vehumet
Wu Jian
Xom
Yredelemnul
Zin
The Shining One
Jiyva
Lugonu

Shops:
D:7 !   D:8 ?   D:9 =   Orc:1 =   Orc:2 **(=   Snake:3 :

Portals:
Abyss: Lair:5

Annotations:
D:8 4 transporters
D:10 4 transporters
D:14 1 runed translucent door, Onucvo's ghost, journeyman FoFi
Lair:2 1 runed translucent door
Swamp:3 1 runed translucent door, qw's ghost, adept TrCA
Snake:1 3 runed translucent doors, 2 transporters, Tuffe's ghost, adept FoFi


Message History

The 13-headed hydra bites you but does no damage.
You block the 13-headed hydra's attack. The 13-headed hydra closely misses you.
You block the 13-headed hydra's attack. The 13-headed hydra bites you.
The 13-headed hydra barely misses you. The 13-headed hydra bites you.
The 13-headed hydra bites you but does no damage. x2
The 13-headed hydra closely misses you. You block the 13-headed hydra's attack.
The 13-headed hydra bites you!
The 13-headed hydra bites you but does no damage.
You hack one of the 12-headed hydra's heads off!
The 11-headed hydra grows two more!
You slice the 13-headed hydra!!
The 13-headed hydra is severely wounded.
You barely miss the 13-headed hydra.
You block the 13-headed hydra's attack. x2; The 13-headed hydra bites you!!
The 13-headed hydra barely misses you. You block the 13-headed hydra's attack.
The 13-headed hydra barely misses you.
The 13-headed hydra bites you but does no damage.
The 13-headed hydra completely misses you.
The 13-headed hydra closely misses you. You block the 13-headed hydra's attack.
The 13-headed hydra bites you but does no damage.
The 13-headed hydra misses you. The 13-headed hydra bites you!
27352 ||| READING 5 scrolls of teleportation.
As you read the scroll of teleportation, it crumbles to dust.
You feel strangely unstable. You block the 13-headed hydra's attack.
The 13-headed hydra misses you. The 13-headed hydra barely misses you.
The 13-headed hydra bites you but does no damage.
You block the 13-headed hydra's attack. x2
The 13-headed hydra closely misses you.
The 13-headed hydra bites you but does no damage. x2
The 13-headed hydra bites you.
The 13-headed hydra bites you but does no damage. x2
You block the 13-headed hydra's attack.
The eight-headed hydra bites you but does no damage. x3
You block the eight-headed hydra's attack.
The eight-headed hydra bites you but does no damage.
The eight-headed hydra closely misses you.
The eight-headed hydra bites you but does no damage. x2
The 13-headed hydra bites you but does no damage. x3
The 13-headed hydra barely misses you. The 13-headed hydra bites you.
You die...

7~...777...~##
..77777~~.$~7
77...~~##
7~.%(~~~##
7.(~%.¤~~7#
¤...7~.....~~#7 #
7.~...~..[.~~.7#...
77~~.~~.~~~(D..f.77
7.~...~.~.@Dn~~~(~
.~¤^~..~.~.)D~./~~!
~.~.~.~..~...~~.[~.
...~~$..........¤~.
¤...¤.~...?.~~....
.~.~~~~~~...~~..~
~.~.¤7.....~..~~
...~~¤...~.....


You could see a shambling mangrove, 2 13-headed hydras, an eight-headed hydra
and a bog body.

Vanquished Creatures
  2 thorn hunters
  A nagaraja (Snake:1)
  A fenstrider witch (Swamp:1)
  2 eleionomae
  A minotaur (Gauntlet)
  6 bunyips
  Snorg (D:10)
  An ettin (Orc:1)
  A fire dragon (D:15)
  8 vault guards (D:13)
  An ice dragon (D:15)
  Fannar (D:11)
  22 hydras
  2 boulder beetles
  A catoblepas (D:13)
  A ghost crab (Swamp:3)
  13 anacondas
  3 centaur warriors
  2 tengu warriors (D:14)
  10 alligators
  11 naga warriors
  5 orc high priests
  Urug (D:12)
  9 naga sharpshooters
  4 thrashing horrors (Lair:5)
  Nergalle (D:10)
  4 shock serpents
  8 skeletal warriors
  Lodul (D:10)
  A death drake (Swamp:2)
  7 goliath frogs
  5 swamp dragons
  A lindwurm (Lair:4)
  Pikel (D:4)
  6 bog bodies
  A naga ritualist (Snake:2)
  4 mana vipers
  2 orc knights
  5 spriggan druids
  A mana viper (shapeshifter) (Lair:5)
  An orc sorcerer (Orc:2)
  A necromancer (Gauntlet)
  A deep elf pyromancer (D:9)
  8 cyclopes
  6 salamanders
  7 will-o-the-wisps
  20 elephants
  3 manticores
  18 ugly things
  15 naga magi
  Joseph (D:7)
  25 black mambas
  A molten gargoyle (D:14)
  5 guardian serpents
  3 smoke demons (Lair:5)
  11 cane toads
  Maggie (D:10)
  An efreet (D:14)
  2 unseen horrors (D:11)
  11 komodo dragons
  A rime drake (Lair:1)
  3 ancient zymes (Lair:5)
  3 meliai (D:14)
  A troll (D:11)
  7 tyrant leeches
  A bloated husk (Swamp:1)
  16 hornets
  3 polar bears
  7 slime creatures
  20 blink frogs
  A raiju (shapeshifter) (D:15)
  13 small abominations (Lair:5)
  2 vampires
  4 shadows
  6 wyverns
  Eustachio (D:5)
  18 spriggans
  58 yaks
  3 basilisks
  A fire elemental (D:14)
  Grum (D:10)
  2 steam dragons
  2 chaos spawn (Lair:5)
  10 swamp worms
  28 vampire mosquitoes
  An acid dragon (D:14)
  33 nagas
  4 wargs
  3 large abominations (Lair:5)
  13 water moccasins
  A sky beast (D:8)
  2 ice beasts (D:6)
  6 swamp drakes
  6 black bears
  21 orc warriors
  14 ogres
  23 wolves
  A tengu (shapeshifter) (D:13)
  4 centaurs
  4 lemures (D:4)
  3 phantoms
  6 kobold brigands
  7 bullfrogs
  2 necrophages
  3 scorpions
  15 wights
  6 killer bees (D:8)
  7 howler monkeys
  A centaur zombie (D:4)
  2 lava snakes (D:14)
  2 hounds
  A gnoll bouda (Lair:4)
  32 orc priests
  17 jellies
  A bullfrog skeleton (D:4)
  4 iguanas
  A scorpion zombie (D:4)
  31 orc wizards
  A hound zombie (D:4)
  A hound skeleton (D:4)
  4 gnolls (D:3)
  11 adders
  2 shadow imps (D:7)
  2 white imps
  An adder skeleton (D:4)
  5 worms
  3 dart slugs
  51 orcs
  10 ball pythons
  9 endoplasms
  6 giant cockroaches
  4 goblins
  14 hobgoblins
  8 jackals
  4 quokkas
  9 bats
  3 frilled lizards (D:1)
  40 kobolds
  3 rats
  2 briar patches (Swamp:2)
  A bush (Lair:5)
982 creatures vanquished.

Vanquished Creatures (others)
  A hydra (Swamp:3)
  3 bloated husks
  A swamp drake (Swamp:3)
  2 briar patches (Swamp:2)
  30 foxfires
  51 fungi
  68 plants
  7 toadstools (Lair:2)
  9 withered plants
172 creatures vanquished.

Grand Total: 1154 creatures vanquished

Notes
Turn   | Place    | Note
-------+----------+-------------------------------------------
     0 | D:1      | qw the Gargoyle Fighter began the quest for the Orb.
     0 | D:1      | Reached XP level 1. HP: 14/14 MP: 1/1
     0 | D:1      | 0 ||| qw: Version: 0.1-a-107-g9ff403c
     0 | D:1      | 0 ||| qw: Game counter: 6096
     0 | D:1      | 0 ||| qw: Always use a shield: true
     0 | D:1      | 0 ||| qw: God list: Okawaru
     0 | D:1      | 0 ||| qw: Allow faded altars: false
     0 | D:1      | 0 ||| qw: Do Orc after D:15 true
     0 | D:1      | 0 ||| qw: Do second Lair branch before Depths: true
     0 | D:1      | 0 ||| qw: Lair rune preference: random
     0 | D:1      | 0 ||| qw: Plans: Normal, Zot, God:TSO, Crypt, Tomb, Zig,
                  | Orb
     0 | D:1      | 0 ||| PLANNING D:1-11
   121 | D:1      | Reached XP level 2. HP: 19/19 MP: 2/2
   214 | D:1      | 214 ||| DROPPING +0 club.
   229 | D:1      | 229 ||| Stepping ~*~*~tactically~*~*~ (stealth).
   231 | D:1      | 231 ||| Stepping ~*~*~tactically~*~*~ (hiding).
   309 | D:1      | Reached skill level 3 in Axes
   347 | D:1      | Reached XP level 3. HP: 23/23 MP: 3/3
   594 | D:1      | 594 ||| SWAPPING to +0 broad axe.
   595 | D:1      | 595 ||| DROPPING +0 war axe.
   871 | D:1      | 871 ||| UPGRADING to +0 plate armour.
   881 | D:1      | 881 ||| DROPPING +0 scale mail.
   882 | D:1      | 882 ||| READING scroll labelled QAITTO MENA.
   883 | D:1      | 883 ||| READING 2 scrolls labelled VETIAMN UDAROS.
   884 | D:1      | 884 ||| READING scroll labelled CICKAV NUSYS.
   889 | D:1      | 889 ||| READING scroll labelled PUNOCR UTHRE.
   890 | D:1      | 890 ||| DROPPING scroll of immolation.
   988 | D:2      | 988 ||| Stepping ~*~*~tactically~*~*~ (hiding).
  1126 | D:2      | 1126 ||| Stepping ~*~*~tactically~*~*~ (stealth).
  1265 | D:2      | Identified the ring "Kupp" {rPois rC+ rCorr}
  1275 | D:2      | Reached XP level 4. HP: 28/28 MP: 4/4
  1276 | D:2      | Identified the +3 hand axe "Vugubamo" {speed, rCorr Stlth+}
  1401 | D:2      | 1401 ||| UPGRADING to +0 helmet.
  1406 | D:2      | 1406 ||| UPGRADING to amulet of regeneration.
  1411 | D:2      | 1411 ||| UPGRADING to +6 ring of dexterity.
  1412 | D:2      | 1412 ||| UPGRADING to +4 ring of evasion.
  1413 | D:2      | 1413 ||| DROPPING ring of magical power.
  1414 | D:2      | 1414 ||| UPGRADING to ring "Kupp" {rPois rC+ rCorr}.
  1416 | D:2      | 1416 ||| READING scroll labelled YNKYNO UHAYRR.
  1417 | D:2      | 1417 ||| DRINKING 3 silvery potions.
  1435 | D:3      | 1435 ||| PLANNING SEWER
  1435 | D:3      | 1435 ||| STAIRDANCE
  1466 | D:3      | Found a faded altar of an unknown god.
  1476 | D:3      | Found a glowing drain.
  1593 | Sewer    | Entered a sewer
  1618 | Sewer    | Noticed a kobold brigand
  1618 | Sewer    | Noticed a kobold brigand
  1630 | Sewer    | Killed a kobold brigand
  1631 | Sewer    | Reached XP level 5. HP: 30/32 MP: 5/5
  1634 | Sewer    | Killed a kobold brigand
  1635 | Sewer    | Reached XP level 6. HP: 38/38 MP: 6/6
  1808 | Sewer    | 1808 ||| Stepping ~*~*~tactically~*~*~ (stealth).
  1846 | Sewer    | 1846 ||| READING scroll labelled MICKUA ETUSCHO.
  1847 | Sewer    | 1847 ||| DRINKING 2 bubbling amethyst potions.
  1847 | Sewer    | Gained mutation: Your flesh is heat resistant. (rF+)
                  | [potion of mutation]
  1847 | Sewer    | Gained mutation: You have an increased reservoir of magic.
                  | (+10% MP) [potion of mutation]
  1847 | Sewer    | Gained mutation: You are strong-willed. (Will+) [potion of
                  | mutation]
  1847 | Sewer    | Gained mutation: You have large cloven feet. [potion of
                  | mutation]
  1848 | Sewer    | 1848 ||| DRINKING 3 ruby potions.
  1863 | D:3      | 1863 ||| PLANNING D:1-11
  1913 | D:3      | 1913 ||| Stepping ~*~*~tactically~*~*~ (stealth).
  1966 | D:3      | 1966 ||| Stepping ~*~*~tactically~*~*~ (stealth).
  1969 | D:3      | 1969 ||| Stepping ~*~*~tactically~*~*~ (stealth).
  1995 | D:3      | 1995 ||| DROPPING +0 whip.
  2043 | D:3      | 2043 ||| Stepping ~*~*~tactically~*~*~ (stealth).
  2244 | D:3      | 2244 ||| DROPPING scarf of harm.
  2245 | D:3      | 2245 ||| DROPPING amulet of guardian spirit.
  2246 | D:3      | 2246 ||| DROPPING ring of willpower.
  2291 | D:4      | 2291 ||| Stepping ~*~*~tactically~*~*~ (stealth).
  2308 | D:4      | Reached skill level 6 in Axes
  2349 | D:4      | 2349 ||| Stepping ~*~*~tactically~*~*~ (stealth).
  2352 | D:4      | 2352 ||| Stepping ~*~*~tactically~*~*~ (stealth).
  2353 | D:4      | 2353 ||| Stepping ~*~*~tactically~*~*~ (stealth).
  2363 | D:4      | Reached XP level 7. HP: 26/43 MP: 7/7
  2395 | D:4      | Noticed Pikel
  2408 | D:4      | HP: 9/43 [lemure[Pikel] (5)]
  2409 | D:4      | 2409 ||| READING 3 scrolls of teleportation.
  2410 | D:4      | 2410 ||| DRINKING 2 potions of heal wounds.
  2473 | D:4      | 2473 ||| Stepping ~*~*~tactically~*~*~ (stealth).
  2474 | D:4      | 2474 ||| Stepping ~*~*~tactically~*~*~ (stealth).
  2483 | D:4      | 2483 ||| Stepping ~*~*~tactically~*~*~ (stealth).
  2499 | D:4      | 2499 ||| Stepping ~*~*~tactically~*~*~ (stealth).
  2611 | D:4      | 2611 ||| Stepping ~*~*~tactically~*~*~ (stealth).
  2625 | D:4      | Reached XP level 8. HP: 50/50 MP: 8/8
  2769 | D:4      | 2769 ||| Stepping ~*~*~tactically~*~*~ (stealth).
  2771 | D:4      | 2771 ||| Stepping ~*~*~tactically~*~*~ (stealth).
  2787 | D:4      | Killed Pikel
  2872 | D:4      | 2872 ||| DROPPING ring of positive energy.
  2873 | D:4      | 2873 ||| READING scroll labelled MUTOEGOBOK.
  2874 | D:4      | 2874 ||| DRINKING 2 orange potions.
  2879 | D:5      | Entered Level 5 of the Dungeon
  2905 | D:5      | Found a staircase to the Ecumenical Temple.
  2906 | D:5      | 2906 ||| PLANNING TEMPLE
  2910 | D:5      | 2910 ||| READING 2 scrolls of teleportation.
  2993 | D:5      | Reached skill level 1 in Throwing
  3003 | D:5      | 3003 ||| READING 2 scrolls of teleportation.
  3014 | D:5      | 3014 ||| READING scroll of teleportation.
  3064 | D:5      | 3064 ||| Stepping ~*~*~tactically~*~*~ (hiding).
  3177 | D:5      | Noticed Eustachio
  3225 | D:5      | Killed Eustachio
  3270 | D:5      | Reached XP level 9. HP: 54/54 MP: 9/9
  3278 | D:5      | Reached skill level 6 in Fighting
  3323 | D:5      | 3323 ||| READING scroll labelled LUME ZIGUIVU.
  3324 | D:5      | 3324 ||| DRINKING 2 murky clear potions.
  3438 | Temple   | Entered the Ecumenical Temple
  3443 | Temple   | Became a worshipper of Warmaster Okawaru
  3459 | Temple   | 3459 ||| PLANNING D:1-11
  3856 | D:6      | Found a sacrificial altar of Ru.
  3862 | D:6      | 3862 ||| Stepping ~*~*~tactically~*~*~ (stealth).
  3930 | D:6      | 3930 ||| Stepping ~*~*~tactically~*~*~ (hiding).
  3931 | D:6      | 3931 ||| Stepping ~*~*~tactically~*~*~ (hiding).
  4174 | D:6      | 4174 ||| DROPPING +1 hat.
  4175 | D:6      | 4175 ||| DRINKING 2 blue potions.
  4176 | D:6      | 4176 ||| READING 2 scrolls of identify.
  4176 | D:6      | 4176 ||| IDENTIFYING green potion
  4177 | D:6      | 4177 ||| READING scroll of teleportation.
  4180 | D:6      | 4180 ||| FLEEEEING.
  4181 | D:6      | 4181 ||| FLEEEEING.
  4197 | D:6      | 4197 ||| Stepping randomly (stuck).
  4198 | D:6      | 4198 ||| Stepping randomly (stuck).
  4199 | D:6      | 4199 ||| Stepping randomly (stuck).
  4200 | D:6      | 4200 ||| Stepping randomly (stuck).
  4211 | D:6      | Reached skill level 9 in Axes
  4269 | D:6      | Reached * piety under Okawaru
  4348 | D:6      | 4348 ||| INVOKING Heroism.
  4355 | D:6      | Reached skill level 1 in Invocations
  4359 | D:6      | 4359 ||| Stepping ~*~*~tactically~*~*~ (stealth).
  4362 | D:6      | 4362 ||| Stepping ~*~*~tactically~*~*~ (hiding).
  4363 | D:6      | 4363 ||| INVOKING Heroism.
  4636 | D:6      | 4636 ||| INVOKING Heroism.
  4801 | D:6      | Identified the +4 pair of boots "Enlithrow" {rN+}
  4806 | D:6      | 4806 ||| UPGRADING to +4 pair of boots "Enlithrow" {rN+}.
  4811 | D:6      | 4811 ||| DRINKING 2 murky grey potions.
  4812 | D:6      | 4812 ||| DROPPING potion of brilliance.
  4887 | D:7      | Noticed Joseph
  4888 | D:7      | 4888 ||| Stepping ~*~*~tactically~*~*~ (hiding).
  4911 | D:7      | Killed Joseph
  4912 | D:7      | Reached skill level 3 in Invocations
  4912 | D:7      | Reached XP level 10. HP: 52/63 MP: 12/14
  4969 | D:7      | Found a sparkling altar of Nemelex Xobeh.
  5003 | D:7      | Reached skill level 6 in Armour
  5028 | D:7      | Found a stormy altar of Qazlal.
  5048 | D:7      | 5048 ||| INVOKING Heroism.
  5121 | D:7      | Found a shimmering blue altar of Sif Muna.
  5122 | D:7      | 5122 ||| INVOKING Heroism.
  5146 | D:7      | Found a blossoming altar of Fedhas.
  5150 | D:7      | Found an opulent altar of Gozag.
  5248 | D:7      | 5248 ||| Stepping ~*~*~tactically~*~*~ (stealth).
  5253 | D:7      | 5253 ||| Stepping ~*~*~tactically~*~*~ (stealth).
  5255 | D:7      | 5255 ||| Stepping ~*~*~tactically~*~*~ (stealth).
  5256 | D:7      | 5256 ||| Stepping ~*~*~tactically~*~*~ (stealth).
  5258 | D:7      | 5258 ||| Stepping ~*~*~tactically~*~*~ (stealth).
  5260 | D:7      | 5260 ||| Stepping ~*~*~tactically~*~*~ (stealth).
  5261 | D:7      | 5261 ||| Stepping ~*~*~tactically~*~*~ (stealth).
  5262 | D:7      | 5262 ||| Stepping ~*~*~tactically~*~*~ (stealth).
  5264 | D:7      | 5264 ||| Stepping ~*~*~tactically~*~*~ (stealth).
  5270 | D:7      | Reached ** piety under Okawaru
  5348 | D:7      | Found Hywkym's Distillery.
  5351 | D:7      | 5351 ||| BUYING 2 potions of curing (72 gold).
  5351 | D:7      | Bought 2 potions of curing for 72 gold pieces
  5351 | D:7      | 5351 ||| BUYING 2 potions of might (96 gold).
  5351 | D:7      | Bought 2 potions of might for 96 gold pieces
  5351 | D:7      | 5351 ||| BUYING potion of haste (120 gold).
  5351 | D:7      | Bought a potion of haste for 120 gold pieces
  5351 | D:7      | 5351 ||| SHOPLISTING potion of heal wounds (60 gold, have
                  | 56).
  5351 | D:7      | 5351 ||| BUYING potion of might (48 gold).
  5351 | D:7      | Bought a potion of might for 48 gold pieces
  5351 | D:7      | 5351 ||| SHOPLISTING potion of might (48 gold, have 8).
  5357 | D:7      | 5357 ||| READING scroll labelled RINKAN IRCHO.
  5358 | D:7      | 5358 ||| DRINKING 2 bubbling cyan potions.
  5468 | D:8      | 5468 ||| Stepping ~*~*~tactically~*~*~ (stealth).
  5469 | D:8      | 5469 ||| Stepping ~*~*~tactically~*~*~ (stealth).
  5471 | D:8      | 5471 ||| Stepping ~*~*~tactically~*~*~ (hiding).
  5485 | D:8      | Found a transporter.
  5570 | D:8      | Found Nisuhirohu's Magic Scroll Emporium.
  5579 | D:8      | 5579 ||| SHOPLISTING scroll of blinking (82 gold, have 28).
  5579 | D:8      | 5579 ||| SHOPLISTING scroll of enchant armour (82 gold,
                  | have 28).
  5579 | D:8      | 5579 ||| BUYING scroll of identify (22 gold).
  5579 | D:8      | Bought a scroll of identify for 22 gold pieces
  5579 | D:8      | 5579 ||| SHOPLISTING scroll of identify (22 gold, have 6).
  5579 | D:8      | 5579 ||| SHOPLISTING scroll of teleportation (33 gold, have
                  | 6).
  5628 | D:8      | 5628 ||| READING scroll of enchant weapon.
  5628 | D:8      | 5628 ||| ENCHANTING +1 broad axe.
  5663 | D:8      | 5663 ||| INVOKING Heroism.
  5690 | D:8      | Found a transporter.
  5783 | D:8      | Found a transporter.
  5836 | D:8      | 5836 ||| INVOKING Heroism.
  5954 | D:8      | 5954 ||| Stepping ~*~*~tactically~*~*~ (stealth).
  5957 | D:8      | 5957 ||| INVOKING Heroism.
  6188 | D:8      | Found a transporter.
  6210 | D:8      | Identified the +1 trident of Bread {vorpal, rC+ rN+}
  6264 | D:8      | Found a hazy altar of Hepliaklqana.
  6398 | D:8      | 6398 ||| READING scroll labelled DEHIG CITUEJUACRON.
  6399 | D:8      | 6399 ||| READING scroll labelled QATESO ESTRIRUJ.
  6400 | D:8      | 6400 ||| READING 2 scrolls of identify.
  6400 | D:8      | 6400 ||| IDENTIFYING red potion
  6401 | D:8      | 6401 ||| DROPPING potion of degeneration.
  6451 | D:9      | 6451 ||| INVOKING Heroism.
  6555 | D:9      | 6555 ||| INVOKING Heroism.
  6637 | D:9      | Found a staircase to the Lair.
  6639 | D:9      | 6639 ||| INVOKING Heroism.
  6887 | D:9      | Found Quir's Jewellery Emporium.
  6892 | D:9      | 6892 ||| SHOPLISTING +4 ring of evasion (576 gold, have
                  | 96).
  6892 | D:9      | 6892 ||| SHOPLISTING amulet of reflection (480 gold, have
                  | 96).
  6892 | D:9      | 6892 ||| SHOPLISTING ring of Ojonaagg {+Blink rN+ Will++
                  | Slay+4} (1036 gold, have 96).
  6892 | D:9      | 6892 ||| SHOPLISTING ring of see invisible (240 gold, have
                  | 96).
  7098 | D:9      | 7098 ||| Stepping ~*~*~tactically~*~*~ (stealth).
  7099 | D:9      | 7099 ||| Stepping ~*~*~tactically~*~*~ (stealth).
  7110 | D:9      | Noticed a deep elf pyromancer
  7113 | D:9      | 7113 ||| FLEEEEING.
  7124 | D:9      | Killed a deep elf pyromancer
  7124 | D:9      | Reached *** piety under Okawaru
  7239 | D:9      | 7239 ||| PLANNING LAIR
  7239 | D:9      | 7239 ||| UPGRADING to +0 cloak.
  7244 | D:9      | 7244 ||| READING scroll labelled UFOMPIGGUI.
  7245 | D:9      | 7245 ||| DRINKING 2 viscous dark potions.
  7246 | D:9      | 7246 ||| READING 2 scrolls of identify.
  7246 | D:9      | 7246 ||| IDENTIFYING lumpy golden potion
  7247 | D:9      | 7247 ||| DROPPING potion of invisibility.
  7294 | Lair:1   | Entered Level 1 of the Lair of Beasts
  7295 | Lair:1   | 7295 ||| PLANNING GAUNTLET
  7313 | Lair:1   | 7313 ||| Stepping ~*~*~tactically~*~*~ (stealth).
  7314 | Lair:1   | 7314 ||| Stepping ~*~*~tactically~*~*~ (stealth).
  7316 | Lair:1   | 7316 ||| INVOKING Heroism.
  7327 | Lair:1   | Noticed a cane toad
  7330 | Lair:1   | Noticed a black mamba
  7332 | Lair:1   | 7332 ||| Stepping ~*~*~tactically~*~*~ (stealth).
  7334 | Lair:1   | Reached XP level 11. HP: 50/68 MP: 15/15
  7335 | Lair:1   | 7335 ||| INVOKING Heroism.
  7345 | Lair:1   | Reached **** piety under Okawaru
  7532 | Lair:1   | Found a gate leading to a gauntlet.
  7561 | Gauntlet | Entered a Gauntlet
  7561 | Gauntlet | Found a transporter.
  7563 | Gauntlet | Noticed a necromancer
  7568 | Gauntlet | Found a transporter.
  7570 | Gauntlet | Found a transporter.
  7581 | Gauntlet | Found a transporter.
  7584 | Gauntlet | Found a transporter.
  7592 | Gauntlet | Found a transporter.
  7607 | Gauntlet | Found a runed translucent door.
  7608 | Gauntlet | Found a transporter.
  7608 | Gauntlet | Noticed an entropy weaver
  7609 | Gauntlet | Found a runed translucent door.
  7617 | Gauntlet | Noticed a seven-headed hydra
  7619 | Gauntlet | Found a transporter.
  7630 | Gauntlet | Found a transporter.
  7634 | Gauntlet | Noticed a cacodemon
  7638 | Gauntlet | Found a runed translucent door.
  7638 | Gauntlet | Found a runed translucent door.
  7642 | Gauntlet | Found a transporter.
  7642 | Gauntlet | Found a transporter.
  7644 | Gauntlet | Found a transporter.
  7660 | Gauntlet | Found a transporter.
  7682 | Gauntlet | Found a transporter.
  7755 | Gauntlet | 7755 ||| INVOKING Heroism.
  7771 | Gauntlet | Killed a necromancer
  7801 | Gauntlet | 7801 ||| INVOKING Heroism.
  7828 | Gauntlet | Identified the +9 halberd of Zuit {speed, Fly rF+++ rC-
                  | Stlth-}
  7829 | Gauntlet | 7829 ||| Stepping randomly (stuck).
  7831 | Gauntlet | 7831 ||| Stepping randomly (stuck).
  7832 | Gauntlet | 7832 ||| Stepping randomly (stuck).
  7850 | Gauntlet | Identified the +2 pair of boots of the Mango {Harm}
  7852 | Gauntlet | 7852 ||| DROPPING +2 pair of boots of the Mango {Harm}.
  7869 | Gauntlet | Noticed a minotaur
  7870 | Gauntlet | 7870 ||| Stepping ~*~*~tactically~*~*~ (stealth).
  7872 | Gauntlet | 7872 ||| Stepping ~*~*~tactically~*~*~ (stealth).
  7874 | Gauntlet | 7874 ||| Stepping ~*~*~tactically~*~*~ (stealth).
  7876 | Gauntlet | 7876 ||| Stepping ~*~*~tactically~*~*~ (stealth).
  7878 | Gauntlet | 7878 ||| Stepping ~*~*~tactically~*~*~ (stealth).
  7880 | Gauntlet | 7880 ||| Stepping ~*~*~tactically~*~*~ (stealth).
  7882 | Gauntlet | 7882 ||| Stepping ~*~*~tactically~*~*~ (stealth).
  7884 | Gauntlet | 7884 ||| Stepping ~*~*~tactically~*~*~ (stealth).
  7886 | Gauntlet | 7886 ||| Stepping ~*~*~tactically~*~*~ (stealth).
  7888 | Gauntlet | 7888 ||| Stepping ~*~*~tactically~*~*~ (stealth).
  7890 | Gauntlet | 7890 ||| Stepping ~*~*~tactically~*~*~ (stealth).
  7892 | Gauntlet | 7892 ||| Stepping ~*~*~tactically~*~*~ (stealth).
  7894 | Gauntlet | 7894 ||| Stepping ~*~*~tactically~*~*~ (stealth).
  7896 | Gauntlet | 7896 ||| Stepping ~*~*~tactically~*~*~ (stealth).
  7897 | Gauntlet | 7897 ||| Stepping ~*~*~tactically~*~*~ (stealth).
  7898 | Gauntlet | 7898 ||| INVOKING Heroism.
  7914 | Gauntlet | Killed a minotaur
  7914 | Gauntlet | Reached ***** piety under Okawaru
  7951 | Gauntlet | 7951 ||| DROPPING +0 vorpal flail.
  7958 | Gauntlet | Identified the +3 leather armour of Dishonour {rF+}
  7973 | Gauntlet | 7973 ||| UPGRADING to +2 pair of gloves.
  7992 | Lair:1   | 7992 ||| PLANNING LAIR
  8022 | Lair:1   | 8022 ||| Stepping ~*~*~tactically~*~*~ (stealth).
  8023 | Lair:1   | 8023 ||| INVOKING Heroism.
  8033 | Lair:1   | Reached skill level 6 in Invocations
  8037 | Lair:1   | Received a gift from Okawaru
  8052 | Lair:1   | Reached skill level 3 in Throwing
  8116 | Lair:1   | Noticed a six-headed hydra
  8117 | Lair:1   | 8117 ||| INVOKING Heroism.
  8119 | Lair:1   | 8119 ||| INVOKING Finesse.
  8122 | Lair:1   | 8122 ||| SWAPPING to +0 morningstar.
  8132 | Lair:1   | Killed a six-headed hydra
  8133 | Lair:1   | Reached skill level 9 in Fighting
  8133 | Lair:1   | 8133 ||| SWAPPING to +2 vorpal broad axe.
  8243 | Lair:1   | 8243 ||| INVOKING Heroism.
  8422 | Lair:1   | 8422 ||| INVOKING Heroism.
  8612 | Lair:1   | 8612 ||| DROPPING +1 pair of gloves.
  8613 | Lair:1   | 8613 ||| READING 3 scrolls of identify.
  8613 | Lair:1   | 8613 ||| IDENTIFYING fuming amethyst potion
  8614 | Lair:1   | 8614 ||| DROPPING potion of ambrosia.
  8644 | Lair:2   | 8644 ||| STAIRDANCE
  8663 | Lair:2   | 8663 ||| STAIRDANCE
  8675 | Lair:1   | Reached XP level 12. HP: 76/76 MP: 19/19
  8677 | Lair:2   | 8677 ||| STAIRDANCE
  8720 | Lair:2   | 8720 ||| INVOKING Heroism.
  8729 | Lair:2   | Reached skill level 9 in Armour
  8782 | Lair:2   | 8782 ||| INVOKING Heroism.
  8802 | Lair:2   | Received a gift from Okawaru
  8809 | Lair:2   | Reached skill level 9 in Invocations
  8809 | Lair:2   | 8809 ||| INVOKING Heroism.
  8848 | Lair:2   | Noticed a six-headed hydra
  8849 | Lair:2   | 8849 ||| INVOKING Finesse.
  8852 | Lair:2   | Reached skill level 12 in Axes
  8857 | Lair:2   | 8857 ||| SWAPPING to +0 morningstar.
  8870 | Lair:2   | Killed a six-headed hydra
  8871 | Lair:2   | Reached skill level 6 in Shields
  8871 | Lair:2   | 8871 ||| SWAPPING to +2 vorpal broad axe.
  8947 | Lair:2   | 8947 ||| INVOKING Heroism.
  9014 | Lair:2   | Received a gift from Okawaru
  9046 | Lair:2   | Noticed a dire elephant
  9046 | Lair:2   | Noticed a catoblepas
  9068 | Lair:2   | Found a runed translucent door.
  9133 | Lair:2   | Found a staircase to the Snake Pit.
  9272 | Lair:2   | 9272 ||| INVOKING Heroism.
  9704 | Lair:3   | 9704 ||| INVOKING Heroism.
  9762 | Lair:3   | Noticed an eight-headed hydra
  9763 | Lair:3   | 9763 ||| INVOKING Heroism.
  9764 | Lair:3   | 9764 ||| SWAPPING to +0 morningstar.
  9765 | Lair:3   | 9765 ||| INVOKING Finesse.
  9766 | Lair:3   | 9766 ||| INVOKING Finesse.
  9772 | Lair:3   | Killed an eight-headed hydra
  9773 | Lair:3   | 9773 ||| SWAPPING to +2 vorpal broad axe.
  9834 | Lair:3   | 9834 ||| INVOKING Heroism.
  9905 | Lair:3   | 9905 ||| Stepping ~*~*~tactically~*~*~ (stealth).
  9929 | Lair:3   | 9929 ||| Stepping ~*~*~tactically~*~*~ (stealth).
  9938 | Lair:3   | Reached XP level 13. HP: 73/82 MP: 22/22
  9969 | Lair:3   | 9969 ||| INVOKING Heroism.
 10324 | Lair:3   | 10324 ||| INVOKING Heroism.
 10325 | Lair:3   | 10325 ||| SWAPPING to +0 morningstar.
 10326 | Lair:3   | 10326 ||| INVOKING Finesse.
 10335 | Lair:3   | 10335 ||| SWAPPING to +2 vorpal broad axe.
 10381 | Lair:3   | 10381 ||| Stepping ~*~*~tactically~*~*~ (stealth).
 10384 | Lair:3   | 10384 ||| SWAPPING to +0 morningstar.
 10385 | Lair:3   | 10385 ||| INVOKING Finesse.
 10386 | Lair:3   | 10386 ||| Stepping ~*~*~tactically~*~*~ (outnumbered).
 10394 | Lair:3   | 10394 ||| INVOKING Heroism.
 10403 | Lair:3   | 10403 ||| SWAPPING to +2 vorpal broad axe.
 10412 | Lair:3   | Received a gift from Okawaru
 10441 | Lair:3   | Found a staircase to the Swamp.
 10616 | Lair:3   | 10616 ||| DROPPING +2 chain mail of positive energy.
 10617 | Lair:3   | 10617 ||| READING scroll labelled ONI VIGGYIRGH.
 10651 | Lair:4   | 10651 ||| INVOKING Heroism.
 10652 | Lair:4   | 10652 ||| STAIRDANCE
 10691 | Lair:4   | 10691 ||| INVOKING Heroism.
 10758 | Lair:4   | 10758 ||| INVOKING Heroism.
 10759 | Lair:4   | 10759 ||| Stepping ~*~*~tactically~*~*~ (stealth).
 10761 | Lair:4   | 10761 ||| Stepping ~*~*~tactically~*~*~ (stealth).
 10790 | Lair:4   | 10790 ||| INVOKING Heroism.
 10859 | Lair:4   | 10859 ||| Stepping ~*~*~tactically~*~*~ (stealth).
 10865 | Lair:4   | 10865 ||| Stepping ~*~*~tactically~*~*~ (stealth).
 10868 | Lair:4   | 10868 ||| Stepping ~*~*~tactically~*~*~ (stealth).
 10869 | Lair:4   | 10869 ||| Stepping ~*~*~tactically~*~*~ (stealth).
 10870 | Lair:4   | 10870 ||| Stepping ~*~*~tactically~*~*~ (stealth).
 10871 | Lair:4   | 10871 ||| Stepping ~*~*~tactically~*~*~ (stealth).
 10879 | Lair:4   | 10879 ||| Stepping ~*~*~tactically~*~*~ (stealth).
 10882 | Lair:4   | Received a gift from Okawaru
 10919 | Lair:4   | 10919 ||| INVOKING Heroism.
 10967 | Lair:4   | 10967 ||| INVOKING Heroism.
 11092 | Lair:4   | 11092 ||| INVOKING Heroism.
 11181 | Lair:4   | 11181 ||| INVOKING Heroism.
 11210 | Lair:4   | Identified the +4 hand axe "Jekhlacs" {vorpal, Fragile rC+
                  | Will++ Dex+3} (Okawaru gifted it to you on level 4 of the
                  | Lair of Beasts)
 11210 | Lair:4   | Received a gift from Okawaru
 11503 | Lair:5   | Entered Level 5 of the Lair of Beasts
 11512 | Lair:5   | 11512 ||| INVOKING Heroism.
 11565 | Lair:5   | 11565 ||| INVOKING Finesse.
 11570 | Lair:5   | 11570 ||| INVOKING Heroism.
 11579 | Lair:5   | 11579 ||| SWAPPING to +0 morningstar.
 11583 | Lair:5   | 11583 ||| Stepping ~*~*~tactically~*~*~ (outnumbered).
 11587 | Lair:5   | 11587 ||| Stepping ~*~*~tactically~*~*~ (outnumbered).
 11599 | Lair:5   | 11599 ||| SWAPPING to +2 vorpal broad axe.
 11666 | Lair:5   | 11666 ||| INVOKING Heroism.
 11669 | Lair:5   | 11669 ||| Stepping ~*~*~tactically~*~*~ (stealth).
 11706 | Lair:5   | 11706 ||| Stepping ~*~*~tactically~*~*~ (stealth).
 11733 | Lair:5   | 11733 ||| Stepping ~*~*~tactically~*~*~ (stealth).
 11735 | Lair:5   | 11735 ||| Stepping ~*~*~tactically~*~*~ (stealth).
 11737 | Lair:5   | 11737 ||| INVOKING Heroism.
 11742 | Lair:5   | 11742 ||| Stepping ~*~*~tactically~*~*~ (stealth).
 11750 | Lair:5   | Received a gift from Okawaru
 11751 | Lair:5   | Gained mutation: Your large and strong wings let you fly.
                  | [Gargoyle growth]
 11751 | Lair:5   | Reached XP level 14. HP: 90/90 MP: 23/23
 11767 | Lair:5   | 11767 ||| Stepping ~*~*~tactically~*~*~ (stealth).
 11768 | Lair:5   | 11768 ||| Stepping ~*~*~tactically~*~*~ (stealth).
 11784 | Lair:5   | Found a viscous altar of Jiyva.
 11793 | Lair:5   | 11793 ||| Stepping ~*~*~tactically~*~*~ (stealth).
 11793 | Lair:5   | Found a staircase to the Slime Pits.
 11812 | Lair:5   | Received a gift from Okawaru
 11865 | Lair:5   | 11865 ||| Stepping ~*~*~tactically~*~*~ (stealth).
 11867 | Lair:5   | 11867 ||| Stepping ~*~*~tactically~*~*~ (stealth).
 11901 | Lair:5   | 11901 ||| INVOKING Heroism.
 11902 | Lair:5   | 11902 ||| INVOKING Finesse.
 11905 | Lair:5   | 11905 ||| SWAPPING to +0 morningstar.
 11910 | Lair:5   | 11910 ||| SWAPPING to +2 vorpal broad axe.
 11938 | Lair:5   | 11938 ||| Stepping ~*~*~tactically~*~*~ (stealth).
 11942 | Lair:5   | 11942 ||| Stepping ~*~*~tactically~*~*~ (stealth).
 11975 | Lair:5   | 11975 ||| FLEEEEING.
 11978 | Lair:5   | 11978 ||| INVOKING Heroism.
 12011 | Lair:5   | Received a gift from Okawaru
 12021 | Lair:5   | 12021 ||| INVOKING Heroism.
 12022 | Lair:5   | 12022 ||| INVOKING Finesse.
 12024 | Lair:5   | 12024 ||| SWAPPING to +0 morningstar.
 12035 | Lair:5   | HP: 19/90 [yak (10)]
 12036 | Lair:5   | 12036 ||| READING 3 scrolls of teleportation.
 12037 | Lair:5   | 12037 ||| DRINKING potion of heal wounds.
 12047 | Lair:5   | Received a gift from Okawaru
 12048 | Lair:5   | 12048 ||| SWAPPING to +2 vorpal broad axe.
 12138 | Lair:5   | 12138 ||| Stepping ~*~*~tactically~*~*~ (stealth).
 12180 | Lair:5   | 12180 ||| INVOKING Heroism.
 12181 | Lair:5   | 12181 ||| INVOKING Finesse.
 12186 | Lair:5   | 12186 ||| SWAPPING to +0 morningstar.
 12192 | Lair:5   | Reached skill level 6 in Throwing
 12202 | Lair:5   | 12202 ||| SWAPPING to +2 vorpal broad axe.
 12232 | Lair:5   | 12232 ||| Stepping ~*~*~tactically~*~*~ (stealth).
 12234 | Lair:5   | 12234 ||| Stepping ~*~*~tactically~*~*~ (hiding).
 12264 | Lair:5   | 12264 ||| INVOKING Finesse.
 12265 | Lair:5   | 12265 ||| Stepping ~*~*~tactically~*~*~ (hiding).
 12269 | Lair:5   | 12269 ||| INVOKING Heroism.
 12400 | Lair:5   | Reached skill level 15 in Axes
 12455 | Lair:5   | 12455 ||| Stepping ~*~*~tactically~*~*~ (stealth).
 12903 | Lair:5   | Found the +3 giant club "Skullcrusher" {speed, Str+7}
 12940 | Lair:5   | 12940 ||| Stepping ~*~*~tactically~*~*~ (stealth).
 12967 | Lair:5   | Found a corrupted altar of Lugonu.
 12967 | Lair:5   | Found a one-way gate to the infinite horrors of the Abyss.
 13071 | Lair:5   | 13071 ||| PLANNING D:1-11
 13071 | Lair:5   | 13071 ||| DROPPING +2 pair of gloves of hurling.
 13072 | Lair:5   | 13072 ||| UPGRADING to +1 pair of gloves of dexterity.
 13082 | Lair:5   | 13082 ||| DROPPING +2 pair of gloves.
 13211 | D:10     | Entered Level 10 of the Dungeon
 13224 | D:10     | 13224 ||| Stepping ~*~*~tactically~*~*~ (stealth).
 13247 | D:10     | Found a transporter.
 13247 | D:10     | Found a transporter.
 13249 | D:10     | 13249 ||| READING 2 scrolls of teleportation.
 13252 | D:10     | 13252 ||| Stepping ~*~*~tactically~*~*~ (hiding).
 13347 | D:10     | 13347 ||| INVOKING Heroism.
 13350 | D:10     | 13350 ||| Stepping ~*~*~tactically~*~*~ (stealth).
 13369 | D:10     | Reached skill level 12 in Fighting
 13416 | D:10     | 13416 ||| INVOKING Heroism.
 13425 | D:10     | Noticed Maggie
 13445 | D:10     | Killed Maggie
 13455 | D:10     | 13455 ||| READING scroll of enchant weapon.
 13455 | D:10     | 13455 ||| ENCHANTING +2 vorpal broad axe.
 13466 | D:10     | Noticed Grum
 13467 | D:10     | 13467 ||| INVOKING Finesse.
 13473 | D:10     | Killed Grum
 13484 | D:10     | Noticed Nergalle
 13485 | D:10     | 13485 ||| Stepping ~*~*~tactically~*~*~ (hiding).
 13496 | D:10     | Killed Nergalle
 13500 | D:10     | Noticed Snorg
 13501 | D:10     | 13501 ||| INVOKING Heroism.
 13503 | D:10     | 13503 ||| INVOKING Finesse.
 13509 | D:10     | Killed Snorg
 13520 | D:10     | Noticed Lodul
 13521 | D:10     | 13521 ||| Stepping ~*~*~tactically~*~*~ (stealth).
 13531 | D:10     | Killed Lodul
 13540 | D:10     | Reached skill level 12 in Armour
 13587 | D:10     | 13587 ||| Stepping ~*~*~tactically~*~*~ (hiding).
 13589 | D:10     | 13589 ||| Stepping ~*~*~tactically~*~*~ (hiding).
 13637 | D:10     | 13637 ||| Stepping ~*~*~tactically~*~*~ (stealth).
 13640 | D:10     | 13640 ||| INVOKING Heroism.
 13641 | D:10     | Found a transporter.
 13641 | D:10     | Found a transporter.
 13722 | D:10     | 13722 ||| Stepping ~*~*~tactically~*~*~ (hiding).
 13723 | D:10     | 13723 ||| Stepping ~*~*~tactically~*~*~ (hiding).
 13891 | D:10     | Found a flagged portal.
 13892 | D:10     | 13892 ||| INVOKING Heroism.
 14024 | D:11     | 14024 ||| INVOKING Heroism.
 14025 | D:11     | 14025 ||| INVOKING Finesse.
 14027 | D:11     | 14027 ||| SWAPPING to +0 morningstar.
 14036 | D:11     | 14036 ||| SWAPPING to +3 vorpal broad axe.
 14134 | D:11     | 14134 ||| INVOKING Heroism.
 14187 | D:11     | 14187 ||| FLEEEEING.
 14188 | D:11     | 14188 ||| FLEEEEING.
 14193 | D:11     | 14193 ||| FLEEEEING.
 14246 | D:11     | 14246 ||| Stepping ~*~*~tactically~*~*~ (hiding).
 14250 | D:11     | 14250 ||| INVOKING Heroism.
 14466 | D:11     | Noticed Fannar
 14477 | D:11     | Killed Fannar
 14478 | D:11     | Reached XP level 15. HP: 79/96 MP: 24/24
 14557 | D:11     | Found a staircase to the Orcish Mines.
 14577 | D:11     | 14577 ||| PLANNING D
 14596 | D:12     | Noticed Urug
 14597 | D:12     | 14597 ||| INVOKING Heroism.
 14598 | D:12     | 14598 ||| INVOKING Finesse.
 14611 | D:12     | Killed Urug
 14640 | D:12     | 14640 ||| Stepping ~*~*~tactically~*~*~ (stealth).
 14641 | D:12     | 14641 ||| Stepping ~*~*~tactically~*~*~ (stealth).
 14642 | D:12     | 14642 ||| Stepping ~*~*~tactically~*~*~ (stealth).
 14644 | D:12     | 14644 ||| Stepping ~*~*~tactically~*~*~ (stealth).
 14876 | D:12     | 14876 ||| INVOKING Heroism.
 15456 | D:12     | 15456 ||| READING scroll labelled KYEK HALOO.
 15535 | D:13     | Found a gate to the Vaults.
 15536 | D:13     | 15536 ||| Stepping ~*~*~tactically~*~*~ (hiding).
 15546 | D:13     | 15546 ||| INVOKING Heroism.
 15598 | D:13     | 15598 ||| FLEEEEING.
 15639 | D:13     | 15639 ||| Stepping ~*~*~tactically~*~*~ (stealth).
 15775 | D:13     | 15775 ||| Stepping ~*~*~tactically~*~*~ (stealth).
 15777 | D:13     | 15777 ||| INVOKING Heroism.
 15780 | D:13     | 15780 ||| Stepping ~*~*~tactically~*~*~ (stealth).
 15794 | D:13     | 15794 ||| Stepping ~*~*~tactically~*~*~ (stealth).
 15818 | D:13     | 15818 ||| INVOKING Heroism.
 15882 | D:13     | 15882 ||| Stepping ~*~*~tactically~*~*~ (hiding).
 15939 | D:13     | Found a hazy altar of Hepliaklqana.
 16258 | D:13     | 16258 ||| UPGRADING to +0 kite shield.
 16268 | D:13     | 16268 ||| DROPPING +0 buckler.
 16269 | D:13     | 16269 ||| READING 2 scrolls labelled NYLARO RIVUSCH.
 16270 | D:13     | 16270 ||| READING scroll of enchant armour.
 16270 | D:13     | 16270 ||| ENCHANTING +1 pair of gloves of dexterity.
 16304 | D:14     | 16304 ||| STAIRDANCE
 16355 | D:14     | 16355 ||| READING scroll of enchant armour.
 16355 | D:14     | 16355 ||| ENCHANTING +0 helmet.
 16362 | D:14     | 16362 ||| Stepping ~*~*~tactically~*~*~ (stealth).
 16413 | D:14     | Found a frozen archway.
 16452 | D:14     | 16452 ||| INVOKING Heroism.
 16458 | D:14     | Received a gift from Okawaru
 16461 | D:14     | Reached ****** piety under Okawaru
 16490 | D:14     | Reached skill level 9 in Shields
 16571 | D:14     | 16571 ||| Stepping ~*~*~tactically~*~*~ (hiding).
 16756 | D:14     | 16756 ||| INVOKING Heroism.
 16761 | D:14     | Identified the +0 hat of Xumyshur {Will+ Regen+} (Okawaru
                  | gifted it to you on level 14 of the Dungeon)
 16761 | D:14     | Received a gift from Okawaru
 16837 | D:14     | 16837 ||| Stepping ~*~*~tactically~*~*~ (stealth).
 16838 | D:14     | 16838 ||| Stepping ~*~*~tactically~*~*~ (stealth).
 16840 | D:14     | 16840 ||| Stepping ~*~*~tactically~*~*~ (hiding).
 16841 | D:14     | 16841 ||| Stepping ~*~*~tactically~*~*~ (hiding).
 16977 | D:14     | 16977 ||| Stepping ~*~*~tactically~*~*~ (stealth).
 16978 | D:14     | 16978 ||| Stepping ~*~*~tactically~*~*~ (stealth).
 17000 | D:14     | 17000 ||| Stepping ~*~*~tactically~*~*~ (stealth).
 17002 | D:14     | 17002 ||| Stepping ~*~*~tactically~*~*~ (stealth).
 17004 | D:14     | 17004 ||| Stepping ~*~*~tactically~*~*~ (stealth).
 17006 | D:14     | 17006 ||| Stepping ~*~*~tactically~*~*~ (stealth).
 17014 | D:14     | 17014 ||| Stepping ~*~*~tactically~*~*~ (stealth).
 17018 | D:14     | 17018 ||| Stepping ~*~*~tactically~*~*~ (stealth).
 17019 | D:14     | 17019 ||| Stepping ~*~*~tactically~*~*~ (stealth).
 17029 | D:14     | 17029 ||| INVOKING Heroism.
 17240 | D:14     | Found a runed translucent door.
 17240 | D:14     | Noticed Onucvo's ghost (journeyman FoFi)
 17349 | D:14     | 17349 ||| UPGRADING to +0 hat of Xumyshur {Will+ Regen+}.
 17359 | D:14     | 17359 ||| DRINKING 2 sapphire potions.
 17463 | D:14     | 17463 ||| DROPPING potion of berserk rage.
 17489 | D:15     | Entered Level 15 of the Dungeon
 17490 | D:15     | 17490 ||| INVOKING Heroism.
 17498 | D:15     | 17498 ||| STAIRDANCE
 17654 | D:15     | 17654 ||| STAIRDANCE
 17708 | D:15     | 17708 ||| STAIRDANCE
 17710 | D:14     | 17710 ||| INVOKING Heroism.
 17711 | D:14     | 17711 ||| SWAPPING to +0 morningstar.
 17712 | D:14     | 17712 ||| INVOKING Finesse.
 17721 | D:14     | 17721 ||| SWAPPING to +3 vorpal broad axe.
 17866 | D:15     | 17866 ||| INVOKING Heroism.
 18029 | D:15     | 18029 ||| Stepping ~*~*~tactically~*~*~ (hiding).
 18031 | D:15     | 18031 ||| INVOKING Heroism.
 18073 | D:15     | 18073 ||| Stepping ~*~*~tactically~*~*~ (hiding).
 18151 | D:15     | 18151 ||| INVOKING Heroism.
 18168 | D:15     | 18168 ||| READING scroll of enchant armour.
 18168 | D:15     | 18168 ||| ENCHANTING +0 cloak.
 18187 | D:15     | Found a staircase to the Depths.
 18412 | D:15     | Found a shimmering altar of Xom.
 18415 | D:15     | Found a sparkling altar of Nemelex Xobeh.
 18415 | D:15     | Found a shimmering altar of Xom.
 18417 | D:15     | Found an opulent altar of Gozag.
 18417 | D:15     | Found a glowing silver altar of Zin.
 18417 | D:15     | Found a sparkling altar of Nemelex Xobeh.
 18450 | D:15     | Reached XP level 16. HP: 98/101 MP: 25/25
 18521 | D:15     | 18521 ||| Stepping ~*~*~tactically~*~*~ (hiding).
 18535 | D:15     | Reached skill level 12 in Shields
 18563 | D:15     | 18563 ||| PLANNING ORC
 18673 | Orc:1    | Entered Level 1 of the Orcish Mines
 18673 | Orc:1    | Found Venwecwi's Jewellery Emporium.
 18679 | Orc:1    | 18679 ||| BUYING +4 ring of evasion (432 gold).
 18679 | Orc:1    | Bought a +4 ring of evasion for 432 gold pieces
 18686 | Orc:1    | 18686 ||| Stepping ~*~*~tactically~*~*~ (hiding).
 18691 | Orc:1    | 18691 ||| Stepping ~*~*~tactically~*~*~ (hiding).
 18701 | Orc:1    | 18701 ||| Stepping ~*~*~tactically~*~*~ (stealth).
 18702 | Orc:1    | 18702 ||| Stepping ~*~*~tactically~*~*~ (stealth).
 18703 | Orc:1    | 18703 ||| Stepping ~*~*~tactically~*~*~ (stealth).
 18706 | Orc:1    | 18706 ||| Stepping ~*~*~tactically~*~*~ (stealth).
 18740 | Orc:1    | 18740 ||| INVOKING Heroism.
 18741 | Orc:1    | 18741 ||| Stepping ~*~*~tactically~*~*~ (stealth).
 18901 | Orc:1    | 18901 ||| INVOKING Heroism.
 18902 | Orc:1    | 18902 ||| INVOKING Finesse.
 18909 | Orc:1    | 18909 ||| Stepping ~*~*~tactically~*~*~ (hiding).
 18910 | Orc:1    | 18910 ||| Stepping ~*~*~tactically~*~*~ (hiding).
 18911 | Orc:1    | 18911 ||| Stepping ~*~*~tactically~*~*~ (hiding).
 18912 | Orc:1    | 18912 ||| Stepping ~*~*~tactically~*~*~ (hiding).
 18913 | Orc:1    | 18913 ||| Stepping ~*~*~tactically~*~*~ (hiding).
 18930 | Orc:1    | 18930 ||| Stepping ~*~*~tactically~*~*~ (stealth).
 18931 | Orc:1    | 18931 ||| Stepping ~*~*~tactically~*~*~ (stealth).
 18934 | Orc:1    | 18934 ||| Stepping ~*~*~tactically~*~*~ (stealth).
 18998 | Orc:1    | Found a dark tunnel.
 19183 | Orc:1    | 19183 ||| Stepping ~*~*~tactically~*~*~ (stealth).
 19185 | Orc:1    | 19185 ||| Stepping ~*~*~tactically~*~*~ (stealth).
 19210 | Orc:1    | 19210 ||| Stepping ~*~*~tactically~*~*~ (hiding).
 19212 | Orc:1    | 19212 ||| Stepping ~*~*~tactically~*~*~ (hiding).
 19216 | Orc:1    | 19216 ||| INVOKING Heroism.
 19219 | Orc:1    | 19219 ||| Stepping ~*~*~tactically~*~*~ (hiding).
 19220 | Orc:1    | 19220 ||| Stepping ~*~*~tactically~*~*~ (hiding).
 19354 | Orc:1    | 19354 ||| Stepping ~*~*~tactically~*~*~ (hiding).
 19356 | Orc:1    | 19356 ||| Stepping ~*~*~tactically~*~*~ (hiding).
 19366 | Orc:1    | 19366 ||| Stepping ~*~*~tactically~*~*~ (stealth).
 19368 | Orc:1    | 19368 ||| Stepping ~*~*~tactically~*~*~ (hiding).
 19449 | Orc:1    | 19449 ||| DROPPING +6 ring of dexterity.
 19450 | Orc:1    | 19450 ||| UPGRADING to +4 ring of evasion.
 19452 | Orc:1    | 19452 ||| DROPPING ring "Kupp" {rPois rC+ rCorr}.
 19486 | Orc:2    | Entered Level 2 of the Orcish Mines
 19528 | Orc:2    | Found a bloodstained altar of Trog.
 19612 | Orc:2    | 19612 ||| Stepping ~*~*~tactically~*~*~ (hiding).
 19633 | Orc:2    | 19633 ||| INVOKING Heroism.
 19644 | Orc:2    | 19644 ||| Stepping ~*~*~tactically~*~*~ (hiding).
 19653 | Orc:2    | 19653 ||| Stepping ~*~*~tactically~*~*~ (hiding).
 19664 | Orc:2    | 19664 ||| Stepping ~*~*~tactically~*~*~ (hiding).
 19677 | Orc:2    | 19677 ||| INVOKING Heroism.
 19692 | Orc:2    | Received a gift from Okawaru
 19761 | Orc:2    | 19761 ||| INVOKING Heroism.
 19773 | Orc:2    | 19773 ||| Stepping ~*~*~tactically~*~*~ (hiding).
 19774 | Orc:2    | 19774 ||| Stepping ~*~*~tactically~*~*~ (hiding).
 19787 | Orc:2    | Found Fiff's Distillery.
 19787 | Orc:2    | Found Rirefa's Assorted Antiques.
 19788 | Orc:2    | Found Zugraqi's Antique Weapon Shoppe.
 19792 | Orc:2    | Found Jexaxo's General Store.
 19793 | Orc:2    | 19793 ||| Stepping ~*~*~tactically~*~*~ (hiding).
 19903 | Orc:2    | 19903 ||| BUYING potion of heal wounds (105 gold).
 19903 | Orc:2    | Bought a potion of heal wounds for 105 gold pieces
 19905 | Orc:2    | 19905 ||| BUYING +6 flail of War {protect, rF+} (530 gold).
 19905 | Orc:2    | Bought the +6 flail of War {protect, rF+} for 530 gold
                  | pieces
 19905 | Orc:2    | 19905 ||| BUYING scroll of enchant armour (82 gold).
 19905 | Orc:2    | Bought a scroll of enchant armour for 82 gold pieces
 19905 | Orc:2    | 19905 ||| READING scroll of enchant armour.
 19905 | Orc:2    | 19905 ||| ENCHANTING +1 cloak.
 19942 | Orc:2    | 19942 ||| Stepping ~*~*~tactically~*~*~ (stealth).
 19943 | Orc:2    | 19943 ||| Stepping ~*~*~tactically~*~*~ (stealth).
 20063 | Orc:2    | Found a staircase to the Elven Halls.
 20073 | Orc:2    | 20073 ||| FLEEEEING.
 20074 | Orc:2    | 20074 ||| FLEEEEING.
 20075 | Orc:2    | 20075 ||| FLEEEEING.
 20076 | Orc:2    | 20076 ||| FLEEEEING.
 20077 | Orc:2    | 20077 ||| FLEEEEING.
 20081 | Orc:2    | 20081 ||| FLEEEEING.
 20082 | Orc:2    | 20082 ||| FLEEEEING.
 20083 | Orc:2    | 20083 ||| FLEEEEING.
 20084 | Orc:2    | 20084 ||| FLEEEEING.
 20085 | Orc:2    | 20085 ||| FLEEEEING.
 20086 | Orc:2    | 20086 ||| FLEEEEING.
 20087 | Orc:2    | 20087 ||| FLEEEEING.
 20088 | Orc:2    | 20088 ||| FLEEEEING.
 20089 | Orc:2    | 20089 ||| FLEEEEING.
 20090 | Orc:2    | 20090 ||| FLEEEEING.
 20091 | Orc:2    | 20091 ||| FLEEEEING.
 20092 | Orc:2    | 20092 ||| FLEEEEING.
 20093 | Orc:2    | 20093 ||| FLEEEEING.
 20251 | Orc:2    | Found Yrauk's Jewellery Shop.
 20254 | Orc:2    | 20254 ||| BUYING amulet "Ipsufust" {Spirit SInv} (618
                  | gold).
 20254 | Orc:2    | Bought the amulet "Ipsufust" {Spirit SInv} for 618 gold
                  | pieces
 20254 | Orc:2    | 20254 ||| BUYING ring "Piux" {Drain rC++ rCorr SInv} (646
                  | gold).
 20254 | Orc:2    | Bought the ring "Piux" {Drain rC++ rCorr SInv} for 646 gold
                  | pieces
 20254 | Orc:2    | 20254 ||| SHOPLISTING ring of fire (375 gold, have 99).
 20254 | Orc:2    | 20254 ||| SHOPLISTING ring of protection from fire (375
                  | gold, have 99).
 20404 | Orc:2    | 20404 ||| PLANNING SWAMP:1-3
 20404 | Orc:2    | 20404 ||| UPGRADING to ring "Piux" {Drain rC++ rCorr SInv}.
 20610 | Swamp:1  | Entered Level 1 of the Swamp
 20655 | Swamp:1  | 20655 ||| INVOKING Heroism.
 20656 | Swamp:1  | 20656 ||| INVOKING Finesse.
 20657 | Swamp:1  | 20657 ||| SWAPPING to +6 flail of War {protect, rF+}.
 20665 | Swamp:1  | 20665 ||| SWAPPING to +3 vorpal broad axe.
 20704 | Swamp:1  | 20704 ||| INVOKING Heroism.
 20725 | Swamp:1  | Identified the +1 pair of boots of the Dull God {rC+}
                  | (Okawaru gifted it to you on level 1 of the Swamp)
 20725 | Swamp:1  | Received a gift from Okawaru
 20729 | Swamp:1  | HP: 22/101 [tyrant leech[a spriggan druid] (12)]
 20730 | Swamp:1  | 20730 ||| READING 3 scrolls of teleportation.
 20731 | Swamp:1  | 20731 ||| DRINKING 6 potions of heal wounds.
 20735 | Swamp:1  | 20735 ||| SWAPPING to +6 flail of War {protect, rF+}.
 20736 | Swamp:1  | 20736 ||| INVOKING Finesse.
 20743 | Swamp:1  | 20743 ||| SWAPPING to +3 vorpal broad axe.
 20809 | Swamp:1  | Noticed a fenstrider witch
 20809 | Swamp:1  | Noticed a thorn hunter
 20810 | Swamp:1  | 20810 ||| INVOKING Heroism.
 20811 | Swamp:1  | 20811 ||| INVOKING Finesse.
 20826 | Swamp:1  | Killed a fenstrider witch
 20831 | Swamp:1  | Killed a thorn hunter
 20937 | Swamp:1  | Identified the +7 long sword of Ogifaov {freeze, rF+ Will+}
 20959 | Swamp:1  | 20959 ||| Stepping ~*~*~tactically~*~*~ (hiding).
 20962 | Swamp:1  | 20962 ||| INVOKING Heroism.
 21053 | Swamp:1  | 21053 ||| INVOKING Heroism.
 21068 | Swamp:1  | 21068 ||| Stepping ~*~*~tactically~*~*~ (hiding).
 21071 | Swamp:1  | 21071 ||| Stepping ~*~*~tactically~*~*~ (hiding).
 21356 | Swamp:1  | 21356 ||| DROPPING +1 pair of boots of the Dull God {rC+}.
 21389 | Swamp:2  | 21389 ||| INVOKING Heroism.
 21391 | Swamp:2  | 21391 ||| STAIRDANCE
 21402 | Swamp:2  | 21402 ||| STAIRDANCE
 21418 | Swamp:2  | 21418 ||| STAIRDANCE
 21457 | Swamp:2  | 21457 ||| INVOKING Heroism.
 21458 | Swamp:2  | 21458 ||| INVOKING Finesse.
 21460 | Swamp:2  | 21460 ||| SWAPPING to +6 flail of War {protect, rF+}.
 21468 | Swamp:2  | Noticed a thorn hunter
 21471 | Swamp:2  | 21471 ||| SWAPPING to +3 vorpal broad axe.
 21495 | Swamp:2  | HP: 18/104 [thorn hunter/volley of thorns (15)]
 21496 | Swamp:2  | 21496 ||| READING 2 scrolls of teleportation.
 21497 | Swamp:2  | 21497 ||| DRINKING 5 potions of heal wounds.
 21498 | Swamp:2  | 21498 ||| DRINKING 4 potions of heal wounds.
 21503 | Swamp:2  | 21503 ||| Stepping ~*~*~tactically~*~*~ (stealth).
 21504 | Swamp:2  | 21504 ||| Stepping ~*~*~tactically~*~*~ (hiding).
 21526 | Swamp:2  | 21526 ||| Stepping ~*~*~tactically~*~*~ (stealth).
 21534 | Swamp:2  | 21534 ||| Stepping ~*~*~tactically~*~*~ (stealth).
 21553 | Swamp:2  | 21553 ||| Stepping ~*~*~tactically~*~*~ (hiding).
 21554 | Swamp:2  | 21554 ||| Stepping ~*~*~tactically~*~*~ (hiding).
 21674 | Swamp:2  | 21674 ||| Stepping ~*~*~tactically~*~*~ (stealth).
 21675 | Swamp:2  | 21675 ||| Stepping ~*~*~tactically~*~*~ (hiding).
 21676 | Swamp:2  | 21676 ||| INVOKING Heroism.
 21708 | Swamp:2  | 21708 ||| FLEEEEING.
 21771 | Swamp:2  | 21771 ||| INVOKING Heroism.
 21828 | Swamp:2  | 21828 ||| INVOKING Heroism.
 21831 | Swamp:2  | 21831 ||| Stepping ~*~*~tactically~*~*~ (hiding).
 21840 | Swamp:2  | Killed a thorn hunter
 21856 | Swamp:2  | 21856 ||| Stepping ~*~*~tactically~*~*~ (hiding).
 21972 | Swamp:2  | 21972 ||| INVOKING Heroism.
 22024 | Swamp:2  | Identified the +4 rapier "Alichus" {venom, Fragile rF+++
                  | Dex+7}
 22235 | Swamp:2  | 22235 ||| DROPPING +1 hat.
 22236 | Swamp:2  | 22236 ||| DROPPING +6 ring of strength.
 22237 | Swamp:2  | 22237 ||| DROPPING ring of protection from cold.
 22255 | Swamp:3  | 22255 ||| STAIRDANCE
 22256 | Swamp:3  | 22256 ||| INVOKING Heroism.
 22342 | Swamp:3  | 22342 ||| INVOKING Heroism.
 22408 | Swamp:3  | 22408 ||| INVOKING Heroism.
 22410 | Swamp:3  | 22410 ||| SWAPPING to +6 flail of War {protect, rF+}.
 22417 | Swamp:3  | 22417 ||| Stepping ~*~*~tactically~*~*~ (cloud).
 22418 | Swamp:3  | 22418 ||| SWAPPING to +3 vorpal broad axe.
 22428 | Swamp:3  | 22428 ||| SWAPPING to +6 flail of War {protect, rF+}.
 22433 | Swamp:3  | 22433 ||| SWAPPING to +3 vorpal broad axe.
 22440 | Swamp:3  | Reached skill level 18 in Axes
 22466 | Swamp:3  | 22466 ||| INVOKING Heroism.
 22467 | Swamp:3  | 22467 ||| SWAPPING to +6 flail of War {protect, rF+}.
 22474 | Swamp:3  | 22474 ||| SWAPPING to +3 vorpal broad axe.
 22480 | Swamp:3  | 22480 ||| Stepping ~*~*~tactically~*~*~ (hiding).
 22493 | Swamp:3  | 22493 ||| INVOKING Heroism.
 22616 | Swamp:3  | Found a runed translucent door.
 22620 | Swamp:3  | Reached XP level 17. HP: 108/108 MP: 26/26
 22623 | Swamp:3  | Noticed qw's ghost (adept TrCA)
 22625 | Swamp:3  | Identified the +9 trident "Futas" {vorpal, *Slow rF++ rN+}
 22718 | Swamp:3  | 22718 ||| INVOKING Heroism.
 22820 | Swamp:3  | 22820 ||| PLANNING SNAKE:1-3
 22944 | Snake:1  | Entered Level 1 of the Snake Pit
 22997 | Snake:1  | 22997 ||| Stepping ~*~*~tactically~*~*~ (stealth).
 23047 | Snake:1  | 23047 ||| READING scroll of enchant armour.
 23047 | Snake:1  | 23047 ||| ENCHANTING +0 plate armour.
 23257 | Snake:1  | 23257 ||| Stepping ~*~*~tactically~*~*~ (hiding).
 23258 | Snake:1  | 23258 ||| Stepping ~*~*~tactically~*~*~ (hiding).
 23289 | Snake:1  | Found a runed translucent gate.
 23289 | Snake:1  | Found a runed translucent gate.
 23289 | Snake:1  | Found a runed translucent gate.
 23291 | Snake:1  | Noticed Tuffe's ghost (adept FoFi)
 23456 | Snake:1  | Found a transporter.
 23457 | Snake:1  | 23457 ||| INVOKING Heroism.
 23500 | Snake:1  | Found a transporter.
 23517 | Snake:1  | 23517 ||| Stepping ~*~*~tactically~*~*~ (hiding).
 23630 | Snake:1  | 23630 ||| Stepping ~*~*~tactically~*~*~ (hiding).
 23676 | Snake:1  | 23676 ||| Stepping ~*~*~tactically~*~*~ (hiding).
 23723 | Snake:1  | Identified the +2 kite shield "Apteethe" {rElec rPois Will+
                  | Int-3}
 23747 | Snake:1  | 23747 ||| INVOKING Heroism.
 23844 | Snake:1  | 23844 ||| Stepping ~*~*~tactically~*~*~ (hiding).
 23862 | Snake:1  | Received a gift from Okawaru
 23874 | Snake:1  | 23874 ||| SWAPPING to +2 broad axe of venom.
 23885 | Snake:1  | 23885 ||| READING scroll of enchant armour.
 23885 | Snake:1  | 23885 ||| ENCHANTING +1 plate armour.
 23894 | Snake:1  | 23894 ||| Stepping ~*~*~tactically~*~*~ (hiding).
 23906 | Snake:1  | 23906 ||| INVOKING Heroism.
 23910 | Snake:1  | 23910 ||| Stepping ~*~*~tactically~*~*~ (hiding).
 24055 | Snake:1  | 24055 ||| INVOKING Heroism.
 24212 | Snake:1  | 24212 ||| UPGRADING to +2 kite shield "Apteethe" {rElec
                  | rPois Will+ Int-3}.
 24222 | Snake:1  | 24222 ||| DROPPING +0 kite shield.
 24223 | Snake:1  | 24223 ||| UPGRADING to +1 tower shield of positive energy.
 24233 | Snake:1  | 24233 ||| DROPPING +2 kite shield "Apteethe" {rElec rPois
                  | Will+ Int-3}.
 24234 | Snake:1  | 24234 ||| DROPPING scarf of harm.
 24235 | Snake:1  | 24235 ||| READING scroll labelled OKHLUI OXTUES.
 24288 | Snake:2  | 24288 ||| STAIRDANCE
 24380 | Snake:2  | 24380 ||| INVOKING Heroism.
 24385 | Snake:2  | 24385 ||| STAIRDANCE
 24389 | Snake:2  | 24389 ||| STAIRDANCE
 24475 | Snake:2  | 24475 ||| INVOKING Heroism.
 24481 | Snake:2  | 24481 ||| STAIRDANCE
 24485 | Snake:2  | 24485 ||| STAIRDANCE
 24587 | Snake:2  | 24587 ||| STAIRDANCE
 24679 | Snake:2  | 24679 ||| INVOKING Heroism.
 24717 | Snake:2  | 24717 ||| Stepping ~*~*~tactically~*~*~ (stealth).
 24743 | Snake:2  | 24743 ||| Stepping ~*~*~tactically~*~*~ (stealth).
 24751 | Snake:2  | 24751 ||| INVOKING Heroism.
 24769 | Snake:2  | Reached skill level 15 in Shields
 24790 | Snake:2  | 24790 ||| Stepping ~*~*~tactically~*~*~ (stealth).
 24792 | Snake:2  | 24792 ||| Stepping ~*~*~tactically~*~*~ (hiding).
 24794 | Snake:2  | 24794 ||| Stepping ~*~*~tactically~*~*~ (stealth).
 24871 | Snake:2  | 24871 ||| Stepping ~*~*~tactically~*~*~ (stealth).
 24872 | Snake:2  | 24872 ||| Stepping ~*~*~tactically~*~*~ (stealth).
 24873 | Snake:2  | 24873 ||| Stepping ~*~*~tactically~*~*~ (stealth).
 24874 | Snake:2  | 24874 ||| Stepping ~*~*~tactically~*~*~ (stealth).
 24877 | Snake:2  | 24877 ||| Stepping ~*~*~tactically~*~*~ (stealth).
 24979 | Snake:2  | 24979 ||| INVOKING Heroism.
 25014 | Snake:2  | Received a gift from Okawaru
 25073 | Snake:2  | 25073 ||| Stepping ~*~*~tactically~*~*~ (hiding).
 25075 | Snake:2  | 25075 ||| Stepping ~*~*~tactically~*~*~ (hiding).
 25076 | Snake:2  | 25076 ||| Stepping ~*~*~tactically~*~*~ (hiding).
 25163 | Snake:2  | 25163 ||| INVOKING Heroism.
 25273 | Snake:3  | Identified the +9 flail of Fujuzeji {vorpal, rC++}
 25278 | Snake:3  | 25278 ||| Stepping ~*~*~tactically~*~*~ (hiding).
 25304 | Snake:3  | Found Deyganal's Book Boutique.
 25306 | Snake:3  | 25306 ||| INVOKING Heroism.
 25446 | Snake:3  | 25446 ||| INVOKING Heroism.
 25489 | Snake:3  | 25489 ||| Stepping ~*~*~tactically~*~*~ (hiding).
 25494 | Snake:3  | 25494 ||| Stepping ~*~*~tactically~*~*~ (hiding).
 25505 | Snake:3  | 25505 ||| Stepping ~*~*~tactically~*~*~ (hiding).
 25509 | Snake:3  | 25509 ||| INVOKING Heroism.
 25612 | Snake:3  | 25612 ||| INVOKING Heroism.
 25774 | Snake:3  | 25774 ||| Stepping ~*~*~tactically~*~*~ (hiding).
 26519 | Snake:3  | 26519 ||| PLANNING SWAMP:4
 26738 | Swamp:4  | Entered Level 4 of the Swamp
 26739 | Swamp:4  | 26739 ||| STAIRDANCE
 26741 | Swamp:3  | 26741 ||| INVOKING Heroism.
 26745 | Swamp:3  | Reached XP level 18. HP: 116/116 MP: 25/28
 26748 | Swamp:3  | 26748 ||| DROPPING +9 flail of Fujuzeji {vorpal, rC++}.
 26749 | Swamp:3  | 26749 ||| DROPPING +0 morningstar.
 26750 | Swamp:3  | 26750 ||| DROPPING +6 flail of War {protect, rF+}.
 26814 | Swamp:4  | 26814 ||| INVOKING Heroism.
 26919 | Swamp:4  | 26919 ||| INVOKING Heroism.
 26983 | Swamp:4  | Found the +0 pair of fencer's gloves {Riposte Dex+3}
 26987 | Swamp:4  | 26987 ||| INVOKING Heroism.
 27052 | Swamp:4  | 27052 ||| INVOKING Heroism.
 27072 | Swamp:4  | Received a gift from Okawaru
 27108 | Swamp:4  | 27108 ||| Stepping ~*~*~tactically~*~*~ (hiding).
 27111 | Swamp:4  | 27111 ||| Stepping ~*~*~tactically~*~*~ (hiding).
 27227 | Swamp:4  | 27227 ||| INVOKING Heroism.
 27229 | Swamp:4  | 27229 ||| Stepping ~*~*~tactically~*~*~ (stealth).
 27230 | Swamp:4  | 27230 ||| Stepping ~*~*~tactically~*~*~ (stealth).
 27235 | Swamp:4  | 27235 ||| Stepping ~*~*~tactically~*~*~ (hiding).
 27258 | Swamp:4  | 27258 ||| Stepping ~*~*~tactically~*~*~ (hiding).
 27261 | Swamp:4  | 27261 ||| INVOKING Heroism.
 27282 | Swamp:4  | 27282 ||| Stepping ~*~*~tactically~*~*~ (stealth).
 27285 | Swamp:4  | 27285 ||| Stepping ~*~*~tactically~*~*~ (stealth).
 27303 | Swamp:4  | 27303 ||| INVOKING Heroism.
 27310 | Swamp:4  | Received a gift from Okawaru
 27329 | Swamp:4  | Reached skill level 18 in Shields
 27339 | Swamp:4  | 27339 ||| INVOKING Heroism.
 27341 | Swamp:4  | Identified the +6 quick blade of Starshine {spect, *Rage
                  | rC+ Will+ Str+5 Int+4} (Okawaru gifted it to you on level 4
                  | of the Swamp)
 27341 | Swamp:4  | Received a gift from Okawaru
 27351 | Swamp:4  | HP: 13/116 [13-headed hydra (20)]
 27351 | Swamp:4  | HP: 5/116 [13-headed hydra (8)]
 27352 | Swamp:4  | 27352 ||| READING 5 scrolls of teleportation.
 27352 | Swamp:4  | HP: 2/116 [13-headed hydra (5)]
 27352 | Swamp:4  | Slain by a 13-headed hydra

Levels and vault maps discovered:
D:1:      heliophobic_arrival_enchanted_forest, layout_basic,
          minmay_misc_feat_plants, serial_bayou_lagoon_b
D:2:      layout_rooms
D:3:      layout_rooms, basic_ecumenical_altar, gup_sewer_entry_glass
D:4:      layout_cave_pools, serial_undead, serial_undead_a, serial_undead_e,
          serial_undead_a, serial_undead_b, uniq_pikel
D:5:      layout_loops_cross, minmay_temple_entry_slanted, uniq_eustachio
D:6:      lemuel_ice_spiral_2, layout_basic, mainiacjoe_overflow_tiny_flanked,
          chequers_decorated_corner
D:7:      layout_rooms, minmay_overflow_temple_star_quad,
          nicolae_qazlal_style_of_elements, nemelex_xobeh_ov_fountains_minmay,
          serial_shops, kennysheep_mini, serial_bayou_pond_d, uniq_joseph
D:8:      layout_basic, mainiacjoe_overflow_alcove_2, serial_shops, shop,
          nicolae_transporter_intersection
D:9:      layout_gridville, david_lair_shrubbed, serial_shops, shop_statue
D:10:     layout_cave_pools, enter_bailey_4, nicolae_diode_quadrants,
          uniq_lodul, uniq_grum, uniq_maggie, uniq_nergalle, uniq_snorg
D:11:     layout_cave_pools, orc_0_dummy, uniq_fannar
D:12:     layout_loops_corners, uniq_urug
D:13:     layout_long_grid, erik_vaults_2, nicolae_hepliaklqana_hazy_memory
D:14:     layout_roguey, kennysheep_boxes, gammafunk_ghost_grave,
          portal_ice_cave_entry_pillars_1
D:15:     grunt_enter_depths_hoard, layout_small_grid, doesnt_xom_only_xom
Temple:   minmay_freezing_vapour_temple
Lair:1:   layout_chaotic_city, gauntlet_entry_generic, beast_lair_carwin_2,
          infiniplex_staircase_pool_2
Lair:2:   gammafunk_lair_enchanted_lake, layout_regular_city, dummy_snake_entry,
          dreamdust_mushroom_princess
Lair:3:   layout_chaotic_city, palyth_hydra_swamp_entry
Lair:4:   layout_cave_shapes, dreamdust_gnoll_shepherd
Lair:5:   hellmonk_lair_end_abyssal_woods, layout_loops_ring,
          minmay_slime_entry_jelly_boxes, small_statue_intersection,
          grunt_megastairs_2
Swamp:1:  layout_falls_marsh, hangedman_swamp_lotus
Swamp:2:  layout_basic_swamp, nicolae_swamp_stair_fork
Swamp:3:  layout_basic_swamp, ebering_ghost_funeral_grove,
          evilmike_swamp_ruin_house_6, swamp_pool4
Swamp:4:  swamp_alternative, layout_basic_swamp
Snake:1:  gammafunk_sealed_arena, layout_onion, ebering_ghost_rock_garden,
          hangedman_snake_sidewinding
Snake:2:  layout_rooms
Snake:3:  layout_layer_cave, serial_shops, nicolae_diamond_shop
Orc:1:    nicolae_orc_accident_2, layout_diamond_mine, serial_shops,
          nicolae_shop_competitors_out_of_business, basic_altar,
          nicolae_volcano_entry_two_sided, mines1_david
Orc:2:    st_orc_mages, layout_caves, basic_altar, serial_shops,
          nicolae_shop_behind_doors

Skill      XL: |  1  2  3  4  5  6  7  8  9 10 11 12 13 14 15 16 17 18 |
---------------+-------------------------------------------------------+-----
Axes           | 2 3 5 6 7 8 9 10 11 12 14 15 16 18 | 18.0
Fighting       | 4 5 7 8 9 10 11 12 13 14 | 14.1
Armour         | 4 5 7 8 9 11 12 13 | 13.0
Dodging        | 4 |  4.1
Throwing       | 1 3 6 7 |  7.2
Shields        | 4 5 6 7 11 13 16 18 | 18.0
Invocations    | 3 4 7 10 | 10.0

Action                   |  1- 3 |  4- 6 |  7- 9 | 10-12 | 13-15 | 16-18 || total
-------------------------+-------+-------+-------+-------+-------+-------++-------
Melee: War axe           |    40 |       |       |       |       |       ||    40
       Broad axe         |    34 |   162 |   300 |   483 |  1059 |  1183 ||  3221
       Kick              |       |    10 |    59 |       |       |       ||    69
       Morningstar       |       |       |       |    25 |    89 |       ||   114
       Flail             |       |       |       |       |       |    36 ||    36
Throw: Boomerang         |    48 |    34 |    65 |    54 |    61 |    28 ||   290
       Javelin           |       |       |       |    12 |    72 |    82 ||   166
Invok: Heroism           |       |       |     3 |    25 |    41 |    46 ||   115
       Finesse           |       |       |       |     3 |    12 |     5 ||    20
  Use: Scroll            |     4 |     2 |     8 |     8 |     9 |     7 ||    38
       Potion            |       |     3 |     5 |     2 |     2 |     3 ||    15
 Stab: Confused          |       |       |       |       |       |     3 ||     3
Armor: Scale mail        |    28 |       |       |       |       |       ||    28
       Plate armour      |    22 |   135 |   220 |   288 |   579 |   713 ||  1957
Dodge: Dodged            |    35 |    96 |   151 |   286 |   500 |   521 ||  1589
Block: Buckler           |    13 |    32 |    61 |   140 |   205 |       ||   451
       Kite shield       |       |       |       |       |   100 |   411 ||   511
       Tower shield      |       |       |       |       |       |   658 ||   658

Table legend:
 A = Non-vault XP
 B = Vault XP
 C = Vault XP percentage of total XP
 D = Non-vault monster count
 E = Vault monster count
 F = Vault count percentage of total count
                 A         B        C        D         E       F
            +---------+---------+-------+---------+---------+-------
      Total |  199173 |   71439 |  26.4 |     730 |     247 |  25.3
            +---------+---------+-------+---------+---------+-------
        D:1 |      45 |       0 |   0.0 |      26 |       0 |   0.0
        D:2 |      53 |       0 |   0.0 |      17 |       0 |   0.0
        D:3 |     177 |      55 |  23.7 |      14 |       5 |  26.3
        D:4 |     416 |     946 |  69.5 |      20 |       8 |  28.6
        D:5 |     843 |     202 |  19.3 |      20 |       1 |   4.8
        D:6 |    1430 |       0 |   0.0 |      26 |       0 |   0.0
        D:7 |     336 |     460 |  57.8 |      13 |       1 |   7.1
        D:8 |    1264 |       0 |   0.0 |      31 |       0 |   0.0
        D:9 |    1813 |     361 |  16.6 |      21 |       1 |   4.5
       D:10 |    3200 |    4346 |  57.6 |      30 |      21 |  41.2
       D:11 |    5245 |     883 |  14.4 |      19 |       1 |   5.0
       D:12 |    2433 |     796 |  24.7 |      14 |       1 |   6.7
       D:13 |    9134 |    6974 |  43.3 |      18 |       8 |  30.8
       D:14 |   16714 |       0 |   0.0 |      41 |       0 |   0.0
       D:15 |    4981 |    1809 |  26.6 |      15 |       2 |  11.8
     Lair:1 |    6558 |     767 |  10.5 |      25 |       4 |  13.8
     Lair:2 |    8559 |    1880 |  18.0 |      39 |       4 |   9.3
     Lair:3 |    6325 |    2394 |  27.5 |      19 |       4 |  17.4
     Lair:4 |    8712 |     453 |   4.9 |      33 |       3 |   8.3
     Lair:5 |    8356 |   18090 |  68.4 |      20 |      68 |  77.3
    Swamp:1 |   18808 |       0 |   0.0 |      31 |       0 |   0.0
    Swamp:2 |   10551 |       0 |   0.0 |      27 |       0 |   0.0
    Swamp:3 |   14498 |       0 |   0.0 |      27 |       0 |   0.0
    Swamp:4 |   16350 |    9054 |  35.6 |      38 |      16 |  29.6
    Snake:1 |   19411 |   13016 |  40.1 |      41 |      21 |  33.9
    Snake:2 |   18642 |       0 |   0.0 |      41 |       0 |   0.0
    Snake:3 |   10036 |       0 |   0.0 |      20 |       0 |   0.0
      Orc:1 |    3290 |     339 |   9.3 |      34 |       4 |  10.5
      Orc:2 |     993 |    5623 |  85.0 |      10 |      42 |  80.8
      Sewer |       0 |     213 | 100.0 |       0 |      22 | 100.0
   Gauntlet |       0 |    2778 | 100.0 |       0 |      10 | 100.0
            +---------+---------+-------+---------+---------+-------
